 Dungeon Crawl Stone Soup version 0.17-a0-1853-ge1bd2c8 (webtiles) character file.

80 Geeful the Insei (level 4, -1/32 HPs)
             Began as a Human Wanderer on Sept 19, 2015.
             Slain by Crazy Yiuf
             ... wielding a +2 quarterstaff of chaos
              (9 damage)
             ... on level 2 of the Dungeon.
             The game lasted 00:05:38 (2903 turns).

Geeful the Insei (Human Wanderer)                   Turns: 2903, Time: 00:05:38

Health: -1/32      AC:  9    Str: 13      XL:     4   Next: 65%
Magic:  0/4        EV:  6    Int: 10 (12) God:
Gold:   154        SH:  0    Dex: 13      Spells: 0 memorised, 3 levels left

rFire  . . .     SeeInvis .       - Unarmed
rCold  . . .     Clarity  .     i - +0 chain mail
rNeg   . . .     SustAt   .     (no shield)
rPois  .         Gourm    .     (no helmet)
rElec  .         Spirit   .     h - +0 cloak (curse)
rCorr  .         Warding  .     (no gloves)
rMut   .         Stasis   .     (no boots)
MR     .....                    (no amulet)
Stlth  ..........               (no ring)
                                j - ring of invisibility

@: lethally poisoned (-1 -> -13), not resistant to hostile enchantments,
extremely unstealthy
A: no striking features
a: Evoke Invisibility


You were on level 2 of the Dungeon.
You were not hungry.

You visited 1 branch of the dungeon, and saw 2 of its levels.

You collected 154 gold pieces.

Inventory:

Armour
 e - a +0 robe
 h - a cursed +0 cloak (worn)
 i - a +0 chain mail (worn)
 k - a +0 scale mail
Jewellery
 j - a ring of invisibility (left hand)
Magical devices
 l - a wand of fireball (5)
Scrolls
 b - a scroll of amnesia
 c - a scroll of fear {unknown}
 d - 2 scrolls of teleportation
Potions
 a - a potion of curing


   Skills:
 - Level 1.0 Fighting
   Level 1.0 Short Blades
   Level 3.0 Axes
 - Level 2.0 Throwing
 - Level 1.0 Armour
 - Level 2.0 Dodging
 + Level 3.9 Unarmed Combat


You had 3 spell levels left.
You didn't know any spells.

Dungeon Overview and Level Annotations

Branches:
Dungeon (2/15)

Altars:
Qazlal

Annotations:
D:2 Crazy Yiuf


Message History

You closely miss Crazy Yiuf.
Crazy Yiuf is moderately wounded.
Crazy Yiuf hits you with a quarterstaff of chaos.
You closely miss Crazy Yiuf.
Crazy Yiuf is moderately wounded.
Crazy Yiuf hits you with a quarterstaff of chaos!
You are lethally poisoned!
You hit Crazy Yiuf.
Crazy Yiuf is severely wounded.
You feel sick. Crazy Yiuf hits you but does no damage.
You hit Crazy Yiuf.
Crazy Yiuf is almost dead.
* * * LOW HITPOINT WARNING * * *
You feel sick.
You hit Crazy Yiuf but do no damage.
Crazy Yiuf is almost dead.
* * * LOW HITPOINT WARNING * * *
You feel sick.
Crazy Yiuf hits you with a quarterstaff of chaos!
You die...

###
#.....#############.#
..#
#.............#.....#
#.#
#.....#######<#.###.#
#.# #..#### ##### #.#
#.# #..# #.# ..# #..#
#.## ###### #..#
####* ♣♣##..# .....#
#### #)..#♣♣ ♣♣P....#
.###.#
#..g@.♣♣♣♣PP....# .#
#.# #...#♣..♣.P....##
.###.###
####*♣♣♣.♣.♣..##
.#.....### ♣♣♣♣♣###
.#.#.....# .#.###.#.#
.#...#.#.# .###.#.#.#
...#.....#


You could see Crazy Yiuf.

Vanquished Creatures
  Natasha (D:2)
  3 adders (D:2)
  2 giant geckos (D:1)
  5 bats
  2 goblins (D:1)
  4 hobgoblins
  A giant cockroach (D:1)
  4 giant newts
  4 kobolds
  2 rats (D:1)
  A fungus (D:2)
29 creatures vanquished.

Notes
Turn   | Place    | Note
--------------------------------------------------------------
     0 | D:1      | Geeful the Human Wanderer began the quest for the Orb.
     0 | D:1      | Geeful set off with: a +2 hand axe, a +0 shortbow, 30 arrows, a scroll of teleportation, a +0 robe, a bread ration
     0 | D:1      | Reached XP level 1. HP: 15/15 MP: 1/1
   221 | D:1      | Reached skill level 1 in Unarmed Combat
   326 | D:1      | Reached XP level 2. HP: 9/21 MP: 2/2
  1569 | D:2      | Reached XP level 3. HP: 26/26 MP: 3/3
  1651 | D:2      | Noticed Natasha
  1677 | D:2      | Killed Natasha
  1861 | D:2      | Reached XP level 4. HP: 17/32 MP: 4/4
  2052 | D:2      | Found a stormy altar of Qazlal.
  2102 | D:2      | Found a faded altar to an unknown god.
  2893 | D:2      | Noticed Crazy Yiuf
  2903 | D:2      | Slain by Crazy Yiuf

Vault maps used:
D:1:      co_arrival_square_in_a_square_in_a_square
D:2:      ecumenical_altar_2, kennysheep_small_spiral,
          nicolae_qazlal_general_emergency, uniq_natasha,
          uniq_crazy_yiuf_cottage

Action                   |  1- 3 |  4- 6 || total
-------------------------+-------+-------++-------
Melee: Unarmed           |   157 |    70 ||   227
  Use: Potion            |     1 |     4 ||     5
       Scroll            |       |     2 ||     2
  Eat: Chunk             |     2 |     1 ||     3
       Bread ration      |       |     1 ||     1
